 Dungeon Crawl Stone Soup version 0.27-a0-836-gfc908b8576 (webtiles) character file.

Game seed: 1982739588086220224

65 spiderkeys the Cudgeller (level 4, -3/35 HPs)
             Began as a Human Monk on Apr 1, 2021.
             Killed by divine providence
             ... invoked by an orc priest
              (8 damage)
             ... on level 2 of the Dungeon.
             The game lasted 00:02:31 (2176 turns).

spiderkeys the Cudgeller (Human Monk)               Turns: 2176, Time: 00:02:31

Health: -3/35      AC:  6    Str: 12    XL:     4   Next: 34%
Magic:  4/4        EV: 11    Int: 10    God:
Gold:   54         SH:  0    Dex: 16    Spells: 3/3 levels left

rFire    . . .     SeeInvis .   a - +0 mace
rCold    . . .     Faith    .   (no shield)
rNeg     . . .     Spirit   .   e - +0 ring mail
rPois    .         Reflect  .   (no helmet)
rElec    .         Harm     .   (no cloak)
rCorr    .         Rampage  .   (no gloves)
Will     .....                  g - +0 pair of boots
Stlth    +.........             (no amulet)
HPRegen  0.11/turn              (no ring)
MPRegen  0.09/turn              (no ring)

@: no status effects
A: no striking features
a: no special abilities


You were on level 2 of the Dungeon.
You visited 1 branch of the dungeon, and saw 2 of its levels.

You collected 84 gold pieces.
You spent 30 gold pieces at shops.

Inventory:

Hand Weapons
 a - a +0 mace (weapon)
Armour
 e - a +0 ring mail (worn)
 g - a +0 pair of boots (worn)
Scrolls
 b - a scroll of magic mapping {unknown}
 d - 2 scrolls of identify {unknown}
 f - a scroll of vulnerability {unknown}
 h - a scroll of blinking {unknown}
Potions
 c - a potion of magic {unknown}


   Skills:
 + Level 3.4 Fighting
 * Level 3.8 Maces & Flails
 + Level 1.4 Armour
 + Level 3.4 Dodging
 - Level 2.0 Stealth


You had 3 spell levels left.
You didn't know any spells.
Your spell library was empty.

Dungeon Overview and Level Annotations

Branches:
Dungeon (2/15)

Altars:

Shops:
D:1 :(!(


Message History

No target in view!
h - a scroll labelled LUUSAOBAF You now have 54 gold pieces (gained 12).
Things that are here:
a staff of poison; a +0 ring mail
Found a dagger.
An orc wizard comes into view. It is wielding a +0 dagger.
The orc wizard shouts!
You hear a shout! x2
An orc warrior comes into view. It is wielding a +0 long sword.
An orc priest comes into view. It is wielding a +0 short sword.
The orc warrior shouts!
You hit the orc wizard.
The orc wizard is lightly wounded.
The orc priest miscasts a cantrip.
The orc wizard gestures at you while chanting.
The puff of flame hits you!
The orc wizard hits you but does no damage.
You hit the orc wizard.
The orc wizard is lightly wounded.
An orc wizard comes into view. It is wielding a +0 dagger.
The orc wizard hits you but does no damage.
You hit the orc wizard but do no damage.
The orc wizard is lightly wounded.
The orc priest casts a cantrip, but nothing happens.
The orc wizard hits you but does no damage.
You hit the orc wizard.
The orc wizard is lightly wounded.
The orc priest calls down the wrath of Beogh upon you.
Beogh smites you! The orc wizard casts a spell at you. The magic dart hits you.
The orc priest calls down the wrath of Beogh upon you.
Beogh smites you!
* * * LOW HITPOINT WARNING * * *
The orc wizard casts a spell at itself.
The orc wizard flickers and vanishes!
Deactivating autopickup; reactivate with Ctrl-A.
The orc priest calls down the wrath of Beogh upon you.
Beogh smites you!
You die...

......†....................
##################..#####.####.##
........###.#..#.##.# #.####.#
###.......#.#..#.##.# #......#
8.#.........#.......# ########
......|.#.####.#.####
♣..............#.#
###.##.##.######.# #.......# #@#
#.......# #.# #.......# #.#
#.......# #o# #.......# #.#
#)......# #.# #.......# #.#
######### #o# #.#


You could see an orc warrior and an orc priest.

Vanquished Creatures
  2 adders (D:2)
  A worm (D:2)
  5 ball pythons
  4 bats
  6 endoplasms
  3 giant cockroaches
  3 goblins
  4 hobgoblins (D:1)
  5 kobolds
  2 quokkas
  2 frilled lizards (D:1)
  2 rats
39 creatures vanquished.

Notes
Turn   | Place    | Note
-------+----------+-------------------------------------------
     0 | D:1      | spiderkeys the Human Monk began the quest for the Orb.
     0 | D:1      | Reached XP level 1. HP: 18/18 MP: 1/1
   122 | D:1      | Reached XP level 2. HP: 24/24 MP: 2/2
   448 | D:1      | Found Voim's Antique Weapon Boutique.
   557 | D:1      | Found Kyneotwi's Weapon Shop.
   580 | D:1      | Found Cenk's Book Boutique.
   599 | D:1      | Reached XP level 3. HP: 29/29 MP: 3/3
   648 | D:1      | Reached skill level 1 in Armour
   927 | D:1      | Found Ubrunud's Distillery.
   932 | D:1      | Bought a potion of curing for 30 gold pieces
  1365 | D:2      | Reached XP level 4. HP: 7/35 MP: 4/4
  2157 | D:2      | Noticed an orc warrior
  2176 | D:2      | Killed from afar by an orc priest

Illustrated notes

Levels and vault maps discovered:
D:1:      dpeg_arrival_rhombi, layout_loops_ring, serial_shops, shop, shop,
          shop, shop, serial_glass, glass_columns_b, glass_columns_a,
          grunt_decor_junction, minmay_hexomino_f4
D:2:      minmay_door_path, layout_loops_cross, chequers_avenue,
          minmay_misc_feat_five

Skill      XL: |  1  2  3 |
---------------+----------+-----
Armour         | 1 |  1.4
Fighting       | |  3.4
Maces & Flails | |  3.8
Dodging        | |  3.4
Stealth        | |  2.0

Action                   |  1- 3 |  4- 6 || total
-------------------------+-------+-------++-------
Melee: Mace              |    94 |    45 ||   139
  Use: Potion            |     1 |     1 ||     2
 Stab: Sleeping          |     1 |       ||     1
Armor: Robe              |    12 |       ||    12
       Ring mail         |    12 |    17 ||    29
Dodge: Dodged            |    84 |    16 ||   100

Table legend: (Time is in decaauts)
 A = Elapsed time spent in this place.
 B = Non-inter-level travel time spent in this place.
 C = Inter-level travel time spent in this place.
 D = Time resting spent in this place.
 E = Time spent auto-exploring this place.
 F = Levels seen in this place.
 G = Mean time per level.
                   A        B        C        D        E       F      G
               +--------+--------+--------+--------+--------+-----+--------+
         Total |   2207 |   2170 |     37 |      0 |   1817 |   2 | 1103.5 |
       Dungeon |   2207 |   2170 |     37 |      0 |   1817 |   2 | 1103.5 |
               +--------+--------+--------+--------+--------+-----+--------+

Top non-repeatable levels by time:
     D:2: 1131 daAuts
     D:1: 1075 daAuts
